 Dungeon Crawl Stone Soup version 0.19.5 (webtiles) character file.

1447 andalon the Cleaver (level 8, -3/70 HPs)
             Began as a Minotaur Berserker on Nov 14, 2016.
             Was an Elder of Trog.
             Killed from afar by an orc wizard (5 damage)
             ... with a magic dart
             ... on level 5 of the Dungeon on Apr 6, 2017.
             The game lasted 00:42:02 (5864 turns).

andalon the Cleaver (Minotaur Berserker)            Turns: 5864, Time: 00:42:06

Health: -3/70      AC:  4    Str: 25    XL:     8   Next: 46%
Magic:  7/7        EV: 11    Int:  4    God:    Trog [****..]
Gold:   287        SH: 16    Dex:  9    Spells: 0 memorised, 7 levels left

rFire  + . .     SeeInvis .     a - +0 hand axe
rCold  x . .     Gourm    .     h - +0 leather armour
rNeg   . . .     Faith    .     n - +2 shield
rPois  .         Spirit   .     (helmet restricted)
rElec  .         Reflect  +     m - +0 cloak
rCorr  +         Harm     .     (no gloves)
MR     .....                    (no boots)
Stlth  +.........               q - +4 amulet of reflection
                                x - ring of fire
                                k - ring of resist corrosion

@: no status effects
A: retaliatory headbutt, horns 2
a: Berserk, Trog's Hand, Brothers in Arms, Burn Spellbooks, Renounce Religion


You were on level 5 of the Dungeon.
You worshipped Trog.
Trog was greatly pleased with you.
You were full.

You visited 2 branches of the dungeon, and saw 6 of its levels.

You collected 287 gold pieces.

Inventory:

Hand Weapons
 a - a +0 hand axe (weapon)
 b - a +0 dagger
 e - a +0 hand axe
 g - a +0 hunting sling
 j - a +0 mace
 l - a +4 quarterstaff of chaos
 y - a +1 dagger of venom
 C - a +2 flail of distortion
 E - a +0 shortbow
Missiles
 d - 196 stones (quivered)
 i - 58 arrows
 u - 75 bolts
Armour
 h - a +0 leather armour (worn)
 m - a +0 cloak (worn)
 n - a +2 shield (worn)
 o - a +0 leather armour
 p - a +1 cloak
Jewellery
 k - a ring of resist corrosion (left hand)
 q - a +4 amulet of reflection (around neck)
 x - a ring of fire (right hand)
Wands
 s - a wand of flame (28/48)
 w - a wand of polymorph (15/24)
Scrolls
 v - a scroll of teleportation
 z - 2 scrolls of blinking {unknown}
 B - a scroll of magic mapping
 D - a scroll of identify
Potions
 r - 2 potions of ambrosia
 t - a potion of brilliance
 A - a potion of invisibility
 F - a potion of berserk rage {unknown}
 G - 2 potions of resistance {unknown}
Comestibles
 c - 6 bread rations
 f - 4 meat rations
 H - 2 mutagenic chunks of flesh


   Skills:
 + Level 5.9 Fighting
 + Level 8.8 Axes
 + Level 0.6 Throwing
 + Level 4.4 Armour
 + Level 4.0 Dodging
 + Level 1.9 Stealth
 + Level 5.6 Shields


You had 7 spell levels left.
You didn't know any spells.

Dungeon Overview and Level Annotations

Branches:
Dungeon (5/15)             Temple (1/1) D:4

Altars:
Ashenzari
Cheibriados
Dithmenos
Elyvilon
Fedhas
Gozag
Hepliaklqana
Kikubaaqudgha
Nemelex Xobeh
Okawaru
Qazlal
Ru
Sif Muna
Uskayaw
Vehumet
Xom
Yredelemnul
Zin

Annotations:
D:5 Grinder


Innate Abilities, Weirdness & Mutations

You reflexively headbutt those who attack you in melee.
You have a pair of horns on your head.


Message History

Aim: an orc wizard, wielding a dagger of venom and wearing a robe (lightly wounded)
You throw a stone.
The stone hits the orc wizard but does no damage.
The orc wizard is lightly wounded.
The orc wizard casts a spell at you.
The puff of frost reflects off an invisible shield around you!
The puff of frost misses the orc wizard.
An orc priest comes into view. It is wielding a mace.
An orc comes into view. It is wielding a club.
The orc wizard gestures at you while chanting.
The puff of frost hits you!
You feel a terrible chill!
* * * LOW HITPOINT WARNING * * *
An orc comes into view. It is wielding a flail.
The orc shouts!
The orc priest shouts!
The orc shouts!
The orc priest invokes the aid of Beogh against you.
Beogh smites you!
* * * LOW HITPOINT WARNING * * *
The orc wizard gestures at you while chanting.
The magic dart hits you!
You die...

#.# #..#.# #.# #.#
#.>#.#########.# #.#
##.#...........# #.#
#.############# #.# #.#
########.
#.######.######.ooo...o
#....................#.
########.######.o......
#......@.####.#
########.# #.# #.# #.#
#.. ###


You could see an orc priest, an orc wizard and 2 orcs.

Vanquished Creatures
  The ghost of Kokonut the Basher, a novice TrBe of Trog (D:5)
  Eustachio (D:5)
  Duvessa (D:5)
  A sky beast (D:5)
  An ogre (D:2)
  Blork the orc (D:5)
  Dowan (D:5)
  A scorpion (D:4)
  A crimson imp (D:3)
  An orc priest (D:4)
  Crazy Yiuf (D:2)
  A hound (D:4)
  An orc wizard (D:4)
  Jessica (D:2)
  Ijyb (D:2)
  Terence (D:2)
  Natasha (D:3)
  An iguana (D:5)
  3 worker ants
  3 adders
  2 gnolls (D:4)
  A shadow imp (D:5)
  A worm (D:2)
  A dart slug (D:1)
  A leopard gecko (D:3)
  16 orcs
  2 ball pythons
  9 bats
  A giant cockroach (D:1)
  14 goblins
  12 hobgoblins
  12 jackals
  2 quokkas
  5 frilled lizards
  16 kobolds
  A leopard gecko skeleton (D:3)
  7 rats
127 creatures vanquished.

Notes
Turn   | Place    | Note
-------+----------+-------------------------------------------
     0 | D:1      | andalon the Minotaur Berserker began the quest for the Orb.
     0 | D:1      | Reached XP level 1. HP: 19/19 MP: 0/0
   386 | D:1      | Reached XP level 2. HP: 27/27 MP: 1/1
   706 | D:1      | Reached skill level 4 in Axes
   944 | D:1      | Gained mutation: Your mind is acute. (Int +2) [potion of mutation]
   944 | D:1      | Gained mutation: Your mind is very acute. (Int +4) [potion of mutation]
   945 | D:1      | Lost mutation: Your mind is very acute. (Int +4) [potion of cure mutation]
   945 | D:1      | Lost mutation: Your mind is acute. (Int +2) [potion of cure mutation]
   977 | D:2      | Noticed Terence
   977 | D:2      | Noticed Ijyb
  1110 | D:2      | Upgraded the game from 0.19.0-19-g8c6edcc to 0.19.0-20-gbc5f0c6
  1177 | D:2      | Killed Terence
  1177 | D:2      | Reached XP level 3. HP: 24/33 MP: 2/2
  1195 | D:2      | Upgraded the game from 0.19.0-20-gbc5f0c6 to 0.19.5
  1324 | D:2      | Found a runed door.
  1328 | D:2      | Noticed Crazy Yiuf
  1335 | D:2      | Killed Crazy Yiuf
  1335 | D:2      | Reached ** piety under Trog
  1335 | D:2      | Reached XP level 4. HP: 26/41 MP: 3/3
  1504 | D:2      | Killed Ijyb
  1504 | D:2      | Reached skill level 5 in Axes
  1714 | D:2      | Found a snail-covered altar of Cheibriados.
  1764 | D:2      | Reached skill level 1 in Shields
  1932 | D:2      | Noticed Jessica
  1936 | D:2      | Killed Jessica
  1936 | D:2      | Reached XP level 5. HP: 47/47 MP: 4/4
  2164 | D:2      | Noticed an ogre
  2171 | D:2      | Killed an ogre
  2250 | D:3      | Reached skill level 6 in Axes
  2250 | D:3      | Reached XP level 6. HP: 55/55 MP: 5/5
  2513 | D:3      | Noticed Natasha
  2515 | D:3      | Killed Natasha
  2515 | D:3      | Reached *** piety under Trog
  2515 | D:3      | Reached skill level 1 in Stealth
  2649 | D:3      | Reached skill level 5 in Fighting
  2977 | D:4      | Found a staircase to the Ecumenical Temple.
  3041 | Temple   | Entered the Ecumenical Temple
  3907 | D:4      | Reached **** piety under Trog
  3968 | D:4      | Reached XP level 7. HP: 47/61 MP: 6/6
  4123 | D:5      | Entered Level 5 of the Dungeon
  4158 | D:5      | Noticed Eustachio
  4181 | D:5      | Killed Eustachio
  4181 | D:5      | Reached skill level 7 in Axes
  4235 | D:5      | Noticed Kokonut's ghost (novice TrBe)
  4730 | D:5      | Noticed Blork the orc
  5066 | D:5      | Killed Blork the orc
  5243 | D:5      | Noticed Duvessa
  5274 | D:5      | Killed Duvessa
  5277 | D:5      | Noticed Dowan
  5288 | D:5      | Killed Dowan
  5288 | D:5      | Reached skill level 8 in Axes
  5288 | D:5      | Reached XP level 8. HP: 15/69 MP: 7/7
  5603 | D:5      | Noticed Grinder
  5841 | D:5      | Killed Kokonut's ghost
  5841 | D:5      | Reached skill level 5 in Shields
  5864 | D:5      | HP: 2/70 [orc priest/divine providence (14)]
  5864 | D:5      | Killed from afar by an orc wizard

Skill      XL: |  1  2  3  4  5  6  7  8 |
---------------+-------------------------+-----
Axes           | 4 5 6 8 |  8.8
Fighting       | 4 5 |  5.9
Armour         | 3 4 |  4.4
Shields        | 1 2 3 4 5 |  5.6
Stealth        | 1 |  1.9
Dodging        | 3 4 |  4.0
Throwing       | |  0.6

Action                   |  1- 3 |  4- 6 |  7- 9 || total
-------------------------+-------+-------+-------++-------
Melee: Hand axe          |    74 |   235 |   129 ||   438
       Headbutt          |    13 |    39 |    29 ||    81
Throw: Stone             |     2 |       |     6 ||     8
  Use: Scroll            |     5 |     5 |       ||    10
       Potion            |     3 |     4 |       ||     7
 Stab: Sleeping          |       |     1 |       ||     1
  Eat: Chunk             |     1 |     9 |     4 ||    14
       Pizza             |       |       |     1 ||     1
       Meat ration       |       |       |     1 ||     1
Armor: Animal skin       |     8 |       |       ||     8
       Leather armour    |     9 |    18 |    15 ||    42
Dodge: Dodged            |    33 |    59 |    24 ||   116
Block: Shield            |    24 |   176 |    68 ||   268
       Reflection        |       |     4 |     2 ||     6
